Map: Frost LE

Players

Aegwynn

  • Race: Zerg Zerg
  • League: Master

Stephano - Winner!

  • Race: Zerg Zerg
  • League: Master

VOD

https://www.youtube.com/channel/UCcSgNfDNxvyisU-eCj9xyNg/playlists

Description

Time

  • Played on: Aug. 27, 2016, 1:05 a.m.
  • Length: 3:27
Show
View Real Time Build Order
Export as new Build Order

Aegwynn Zerg 

Build Orders: Pool Only 

Get SALT Encoding   

  12  0:01  Drone  
  13  0:09  Drone  
  13  0:12  Extractor  
  13  0:29  Spawning Pool  
  13  0:32  Drone  
  13  0:37  Drone  
  14  0:44  Extractor  
  14  0:46  Drone  
  15  0:54  Overlord  
  15  1:16  Queen, Metabolic Boost  
  17  1:22  Zergling x2  
  19  1:25  Zergling x2  
  19  1:35  Baneling Nest  
  19  1:38  Zergling x2  
  19  1:42  Zergling x2  
  20  1:52  Zergling x2  
  21  2:01  Zergling x2  
  21  2:08  Overlord  
  22  2:10  Extractor  
  21  2:16  Zergling x2  
  21  2:19  Baneling  
  21  2:20  Baneling x2  
  23  2:27  Zergling x4  
  23  2:28  Zergling x2  
  26  2:33  Zergling x2  
  25  2:48  Zergling x2  
  24  2:54  Baneling  
  23  3:01  Drone x4  
Show
View Real Time Build Order
Export as new Build Order

Stephano Zerg - Winner!

Build Orders: Hatch First 

Get SALT Encoding   

  12  0:01  Drone  
  13  0:13  Overlord  
  13  0:18  Drone  
  14  0:32  Drone x2  
  14  0:35  Drone  
  17  0:53  Hatchery  
  17  0:55  Drone  
  17  0:58  Drone  
  18  1:11  Spawning Pool  
  18  1:15  Drone  
  18  1:19  Drone  
  19  1:29  Drone  
  20  1:41  Overlord  
  20  1:59  Queen  
  22  2:02  Zergling x4  
  22  2:04  Queen  
  22  2:06  Spine Crawler  
  22  2:07  Zergling x2  
  26  2:14  Zergling x2  
  27  2:16  Spine Crawler  
  27  2:17  Zergling x2  
  27  2:23  Zergling x2  
  28  2:37  Spine Crawler  
  28  2:38  Zergling x6  
  29  2:48  Drone x2  
  28  2:58  Drone  
  28  2:59  Drone  
  28  3:05  Drone  
Tags
 
Add a new tag
Caveats
  • Supply blocks, unpowered buildings, or Contaminate may cause inaccurate times.
  • Supply counts are checked every 10 seconds.